 Dungeon Crawl Stone Soup version 0.30-a0-711-gf4ac18a38d (webtiles) character file.

Game seed: 12675939877545702671

98298 demibob the Executioner (level 16, -11/146 HPs)
             Began as a Hill Orc Fighter on Jan 22, 2023.
             Was the Champion of Lugonu.
             Mangled by a six-headed hydra (12 damage)
             ... on level 1 of the Swamp.
             The game lasted 00:40:26 (25805 turns).

demibob the Executioner (Hill Orc Fighter)         Turns: 25805, Time: 00:40:27

Health: -11/146    AC: 35    Str: 25    XL:     16   Next: 22%
Magic:  28/28      EV: 10    Int:  8    God:    Lugonu [******]
Gold:   2414       SH:  5    Dex: 20    Spells: 15/15 levels left

rFire   + . .      SeeInvis .    r - +8 battleaxe (distort)
rCold   + . .      Faith    .    (shield currently unavailable)
rNeg    . . .      Spirit   .    m - +9 plate armour {rF+}
rPois   .          Reflect  +    I - +1 helmet
rElec   .          Harm     .    G - +2 cloak
rCorr   .          Rampage  .    s - +1 pair of gloves
Will    +....                    n - +0 pair of boots Stlth
                                 d - amulet "Akaet" {Reflect rF+ Dex+8 Slay+3 SH+5}
HPRegen 0.44/turn                T - +4 ring of protection
MPRegen 0.21/turn                C - ring of ice

@: about to teleport, corroded, studying Axes, very slow
A: no striking features
a: Renounce Religion, Depart the Abyss, Banish, Corrupt, Enter the Abyss


You were on level 1 of the Swamp.
You worshipped Lugonu.
Lugonu was exalted by your worship.
You visited 4 branches of the dungeon, and saw 23 of its levels.

You collected 3054 gold pieces.
You spent 640 gold pieces at shops.


   Skills:
 - Level 14.2 Fighting
 + Level 21.2 Axes
 - Level 19.1 Armour
 - Level 3.1 Dodging
 - Level 3.2 Shields
 - Level 16.8 Invocations


You had 15 spell levels left.
You didn't know any spells.
Your spell library contained the following spells:

 Spells                   Type           Power      Damage    Failure   Level
 Apportation              Tloc           0%         N/A       94%         1
 Necrotise                Necr           0%         1d4       94%         1
 Sandblast                Erth           0%         2d4       94%         1
 Shock                    Conj/Air       0%         1d3       94%         1
 Summon Small Mammal      Summ           0%         N/A       94%         1
 Passwall                 Tmut/Erth      0%         N/A       98%         2
 Call Canine Familiar     Summ           0%         N/A       100%        3
 Frozen Ramparts          Ice            0%         1d1       100%        3
 Stone Arrow              Conj/Erth      0%         3d7       100%        3
 Summon Guardian Golem    Hex/Summ       0%         N/A       100%        3
 Swiftness                Air            0%         N/A       100%        3
 Tukima's Dance           Hex            0%         N/A       100%        3
 Airstrike                Air            0%         2d(0-16)  100%        4
 Ice Form                 Ice/Tmut       0%         N/A       100%        4
 Passage of Golubria      Tloc           0%         N/A       100%        4
 Petrify                  Tmut/Erth      0%         N/A       100%        4
 Summon Ice Beast         Ice/Summ       0%         N/A       100%        4
 Alistair's Intoxication  Tmut/Pois      0%         N/A       100%        5
 Metabolic Englaciation   Hex/Ice        0%         N/A       100%        5
 Yara's Violent Unravell  Hex/Tmut       0%         3d3       100%        5
 Statue Form              Tmut/Erth      0%         N/A       100%        6

Inventory:

Hand Weapons
 a - a +1 war axe of flaming
 b - the +8 frozen axe "Frostbite" {freeze, freezing cloud, *Noise Fly rC+}
   (You acquired it on level 15 of the Dungeon)

   rC:        It protects you from cold.
   Fly:       It grants you flight.
   *Noise:    It may make noises in combat.
 r - a +8 battleaxe of distortion (weapon)
Missiles
 e - 14 atropa-tipped darts (quivered)
 t - 6 curare-tipped darts {=f}
Armour
 m - a +9 plate armour of fire resistance (worn)
 n - a +0 pair of boots (worn)
 s - a +1 pair of gloves (worn)
 G - a +2 cloak (worn)
 I - a +1 helmet (worn)
Jewellery
 d - the amulet "Akaet" (around neck) {Reflect rF+ Dex+8 Slay+3 SH+5}
   (You found it on level 4 of the Lair of Beasts)

   [amulet of reflection]

   It reflects blocked missile attacks.
   Dex:       It affects your dexterity (+8).
   Slay:      It affects your accuracy & damage with ranged weapons and melee
   (+3).
   rF:        It protects you from fire.
   SH:        It affects your SH (+5).
 f - a ring of protection from fire
 C - a ring of ice (right hand)
 F - a ring of fire
 L - a ring of flight
 T - a +4 ring of protection (left hand)
 W - a ring of willpower
Wands
 i - a wand of iceblast (5)
 k - a wand of flame (19)
 p - a wand of digging (12)
 q - a wand of charming (14)
 x - a wand of mindburst (13)
 K - a wand of polymorph (4)
 O - a wand of quicksilver (6)
Scrolls
 g - 14 scrolls of teleportation {@r2}
 h - 4 scrolls of fog
 v - 4 scrolls of identify {@r1}
 y - a scroll of amnesia
 B - 4 scrolls of fear
 E - a scroll of butterflies
 J - 2 scrolls of brand weapon
 P - a scroll of magic mapping
Potions
 j - 2 potions of magic
 l - 3 potions of brilliance
 o - 4 potions of attraction
 u - 2 potions of flight
 w - 2 potions of curing {@q1}
 z - 3 potions of mutation
 A - a potion of haste {@q3}
 D - 3 potions of ambrosia
 N - 2 potions of invisibility
 Q - 3 potions of heal wounds {@q2}
Miscellaneous
 H - a box of beasts

Dungeon Overview and Level Annotations

Branches:
Dungeon (15/15)            Temple (0/1) D:6            Lair (5/5) D:9
  Swamp (1/4) Lair:2        Snake (0/4) Lair:3        Slime (0/5) Lair:4
    Orc (2/2) D:9             Elf (0/3) Orc:2        Vaults (0/5) D:13
 Depths (0/4) D:15

Altars:
Gozag
Kikubaaqudgha
Nemelex Xobeh
Vehumet
Xom
Beogh
Lugonu

Shops:
D:5 *[   D:11 (   Orc:2 ((*([

Portals:
Trove: D:10 (give horn of Geryon)

Annotations:
D:8 3 runed translucent doors, Heh's ghost, novice OpFi
D:9 exclusion: ice statue
D:11 3 runed translucent doors, greenreed's ghost, journeyman TrMo
D:14 exclusion: statue
Lair:5 2 runed translucent doors, Foxy's ghost, journeyman KoBr

♣.~~~~~..♣ ♣ ♣~.§~~..♣
..♣♣♣♣♣♣♣♣♣♣....~♣♣♣♣♣♣♣
~...~~~♣~.~♣....§~§♣~..♣
~~~~~...............~~.♣
..~~~..".~§~....~~^.~~.♣
..~~~~.†.~~†....~~~~..♣♣
.♣~~~~..~†~..~♣.~~~...~♣
..~~.~..x@~.~♣♣~...♣...♣
~...~~§.~D.♣♣♣♣♣.~..♣..♣
~..>~~~F.i.....~§~.♣♣♣♣♣
~.♣♣~..†D~~~~~~..†.♣ ~.
♣~...~~~~~§~...♣♣
)§~...~~~..~~~..<♣
.?...§~~...~~~..♣♣
~...~~~~..~~~~..
♣...§~~~~~.~§~§~


You could see a bunyip, a six-headed hydra (slow), a swamp dragon, a spriggan
rider and a goliath frog.


Message History

The six-headed hydra bites you.
* * * LOW HITPOINT WARNING * * *
The six-headed hydra bites you but does no damage. x2
You block the six-headed hydra's attack.
The six-headed hydra bites you but does no damage. x2
The bunyip howls a warning cry!
The goliath frog hits you from afar!
* * * LOW HITPOINT WARNING * * *
The acid corrodes you!
You are splashed with acid!
* * * LOW HITPOINT WARNING * * *
The six-headed hydra bites you but does no damage. x4
The six-headed hydra closely misses you.
The six-headed hydra completely misses you.
You block the bunyip's attack.
The bunyip claws you but does no damage.
The bunyip claws you!
* * * LOW HITPOINT WARNING * * *
You feel much better. The goliath frog hits you from afar.
* * * LOW HITPOINT WARNING * * *
The acid corrodes you!
You are splashed with acid!
* * * LOW HITPOINT WARNING * * *
The spriggan rider hits you but does no damage.
You block the goliath frog's attack.
The six-headed hydra bites you but does no damage.
The six-headed hydra bites you!
* * * LOW HITPOINT WARNING * * *
The six-headed hydra bites you!
* * * LOW HITPOINT WARNING * * *
The six-headed hydra bites you!
You die...

Skill      XL: |  1  2  3  4  5  6  7  8  9 10 11 12 13 14 15 16 |
---------------+-------------------------------------------------+-----
Axes           | 3 4 5 6 8 9 11 14 17 19 20 21 | 21.2
Fighting       | 5 8 11 13 14 | 14.2
Armour         | 5 7 10 13 15 17 19 | 19.1
Invocations    | 4 9 13 16 | 16.8
Dodging        | 3 |  3.1
Shields        | |  3.2

Action                     |  1- 3 |  4- 6 |  7- 9 | 10-12 | 13-15 | 16-18 || total
---------------------------+-------+-------+-------+-------+-------+-------++-------
  Melee: War axe           |    88 |   136 |   220 |    18 |    35 |    28 ||   525
         Punch             |       |     2 |     3 |     1 |     2 |       ||     8
         Battleaxe         |       |       |    14 |   401 |   784 |    50 ||  1249
         Executioner's axe |       |       |       |       |       |     6 ||     6
  Throw: Dart              |       |     1 |     3 |     7 |       |       ||    11
 Invoke: Brand Weapon With |       |       |       |       |     1 |       ||     1
  Evoke: Wand              |       |       |     4 |     2 |     4 |       ||    10
    Use: Scroll            |       |     5 |    11 |     9 |    20 |     3 ||    48
         Potion            |       |     1 |     6 |     7 |     4 |     1 ||    19
   Stab: Invisible         |       |     1 |       |       |       |       ||     1
 Armour: Scale mail        |    53 |    68 |   107 |       |       |       ||   228
         Plate armour      |       |       |       |   217 |   490 |   104 ||   811
  Dodge: Dodged            |    68 |    57 |    96 |    80 |   280 |    40 ||   621
  Block: Other             |       |       |       |       |    87 |    21 ||   108
         Reflection        |       |       |       |       |     5 |       ||     5

Levels and vault maps discovered:
D:1:      roderic_chinese_lattice_arrival, layout_loops_ring,
          serial_co_window_serial, co_window_of_opportunity_a,
          co_window_cross_1, co_window_corner_a, co_window_paths_a,
          co_window_corner_a, co_window_corner_cb, co_window_broadway_c,
          co_window_corner_b, co_window_2corner, co_window_4corner_b,
          glass_columns_a
D:2:      layout_basic, dreamdust_ecumenical_altar_hidden_monk_grotto,
          minmay_shallow_snake_nest, uniq_terence
D:3:      layout_loops_cross, xom_teletrap_fun, roderic_roman_lattice
D:4:      layout_cave_pools, uniq_robin, uniq_pikel, uniq_edmund, uniq_eustachio
D:5:      layout_rooms, serial_shops, nicolae_shop_waterfront, shop
D:6:      layout_loops_ring, minmay_temple_entry_wispy
D:7:      layout_rooms, chequers_serial_rivers_room_b
D:8:      layout_cave_pools, mainiacjoe_overflow_swirl,
          gammafunk_ghost_necromancy, uniq_joseph
D:9:      lemuel_ice_statue, layout_basic, david_orc_4, uniq_erolcha
D:10:     layout_basic, nicolae_trove_entry_path_of_doom, uniq_maggie
D:11:     layout_loops_ring, ebering_ghost_gozag, serial_shops,
          nicolae_square_shop
D:12:     layout_cave_pods, minivault_7
D:13:     layout_irregular_city, lightli_vaults_fourway_checkpoint,
          serial_rivers, chequers_serial_rivers_large_a,
          chequers_serial_rivers_marsh, chequers_serial_rivers_micro_b,
          chequers_serial_rivers_room_b, lemuel_zombie_altar_kikubaaqudgha
D:14:     layout_roguey, portal_ice_cave_entry_ice_simulacra, nrook_campfire,
          st_stairs_1, vehumet_statue
D:15:     gammafunk_depths_entry_grave, layout_basic, hex_medium
Lair:1:   layout_cave_pods
Lair:2:   kb_forest_paths, layout_regular_city, palyth_hydra_swamp_entry,
          uniq_urug, uniq_nergalle, uniq_gastronok, uniq_erica
Lair:3:   layout_roguey [special_room_mythical_zoo], nicolae_snake_entry_squirm,
          ebering_ghost_reflecting_pool, serial_bayou_shore_b, uniq_fannar
Lair:4:   layout_cave_pods, slime_entry_1, serial_bayou_pond_c,
          eino_house_with_fridge, lemuel_fruit_fields, serial_bayou_shore_b,
          serial_bayou_shore_b, lemuel_fruit_tree
Lair:5:   minmay_lair_end_frog_pond, layout_regular_city,
          ebering_ghost_disaster_area, minmay_stone_trees_large, st_stairs_4,
          chequers_serial_rivers_micro_a
Swamp:1:  layout_basic_swamp, hangedman_swamp_diagram, uniq_mlioglotl
Orc:1:    layout_diamond_mine, mines2_david
Orc:2:    st_orc_open, layout_caves, serial_shops, nicolae_square_shop,
          kennysheep_orc_chapel

Notes
Turn   | Place    | Note
-------+----------+-------------------------------------------
     0 | D:1      | demibob the Hill Orc Fighter began the quest for the Orb.
     0 | D:1      | Reached XP level 1. HP: 19/19 MP: 1/1
    47 | D:1      | Reached skill level 3 in Axes
   102 | D:1      | You fall into a shaft and drop 1 floor!
   170 | D:2      | Reached XP level 2. HP: 26/26 MP: 2/2
   225 | D:2      | Reached skill level 4 in Axes
   979 | D:1      | Reached XP level 3. HP: 31/31 MP: 3/3
  1405 | D:2      | Noticed Terence
  1415 | D:2      | Reached skill level 5 in Axes
  1465 | D:2      | Killed Terence
  1466 | D:2      | Reached XP level 4. HP: 38/39 MP: 4/4
  1577 | D:2      | Found a faded altar of an unknown god.
  1586 | D:2      | Prayed at the altar of an unknown god.
  1586 | D:2      | Became a worshipper of Lugonu the Unformed
  1586 | D:2      | Reached * piety under Lugonu
  2103 | D:3      | Found a shimmering altar of Xom.
  2220 | D:3      | Reached skill level 6 in Axes
  2227 | D:3      | Reached XP level 5. HP: 25/45 MP: 5/5
  2553 | D:3      | Reached ** piety under Lugonu
  2574 | D:3      | Reached skill level 7 in Axes
  2837 | D:4      | Noticed Eustachio
  2841 | D:4      | Noticed Edmund
  2865 | D:3      | Killed Eustachio
  2866 | D:3      | Reached skill level 8 in Axes
  2866 | D:3      | Reached XP level 6. HP: 24/51 MP: 6/6
  2972 | D:4      | Killed Edmund
  2973 | D:4      | Reached skill level 9 in Axes
  3118 | D:4      | Noticed Robin
  3133 | D:4      | Reached XP level 7. HP: 27/57 MP: 7/7
  3134 | D:4      | Killed Robin
  3395 | D:4      | Noticed Pikel
  3412 | D:4      | Killed Pikel
  3413 | D:4      | Reached skill level 11 in Axes
  3413 | D:4      | Reached XP level 8. HP: 32/64 MP: 8/8
  3578 | D:4      | Reached skill level 12 in Axes
  3797 | D:5      | Entered Level 5 of the Dungeon
  4009 | D:5      | Found Oriw's Armour Boutique.
  4272 | D:5      | Reached skill level 13 in Axes
  4459 | D:5      | Reached *** piety under Lugonu
  4572 | D:5      | Found Pidghat's Assorted Antiques.
  4659 | D:5      | Identified a potion of resistance
  4817 | D:6      | Reached skill level 14 in Axes
  4896 | D:6      | Reached XP level 9. HP: 70/70 MP: 9/9
  4967 | D:6      | Found a staircase to the Ecumenical Temple.
  5062 | D:6      | Identified a scroll of acquirement
  5062 | D:6      | Acquired a manual of Axes
  5094 | D:6      | Reached skill level 15 in Axes
  5507 | D:6      | Reached skill level 16 in Axes
  5656 | D:7      | Reached skill level 4 in Fighting
  5699 | D:7      | Reached skill level 4 in Armour
  5860 | D:7      | Reached skill level 5 in Fighting
  5904 | D:7      | Reached **** piety under Lugonu
  5905 | D:7      | Reached skill level 17 in Axes
  5912 | D:7      | Reached skill level 5 in Armour
  5980 | D:7      | Reached XP level 10. HP: 83/83 MP: 10/10
  6262 | D:7      | Reached skill level 6 in Fighting
  6426 | D:8      | Noticed a cyclops
  6449 | D:8      | Killed a cyclops
  6450 | D:8      | Reached skill level 6 in Armour
  6729 | D:8      | Noticed Joseph
  6736 | D:8      | Killed Joseph
  6737 | D:8      | Reached skill level 18 in Axes
  6739 | D:8      | Reached skill level 7 in Fighting
  7102 | D:8      | Found a runed translucent gate.
  7102 | D:8      | Found a runed translucent gate.
  7105 | D:8      | Found a runed translucent gate.
  7107 | D:8      | Noticed Heh's ghost (novice OpFi)
  7286 | D:8      | Found an ancient bone altar of Kikubaaqudgha.
  7295 | D:8      | Found a sparkling altar of Nemelex Xobeh.
  7405 | D:9      | Noticed a two-headed ogre
  7409 | D:9      | Killed a two-headed ogre
  7410 | D:9      | Reached skill level 7 in Armour
  7416 | D:9      | Reached skill level 8 in Fighting
  7691 | D:9      | Noticed Erolcha
  7709 | D:9      | Killed Erolcha
  7710 | D:9      | Reached skill level 19 in Axes
  7729 | D:9      | Reached XP level 11. HP: 80/95 MP: 11/11
  7744 | D:9      | Identified the +1 robe of Virtue {Dex+2 Archmagi}
  7996 | D:9      | Reached skill level 8 in Armour
  8002 | D:9      | Reached skill level 9 in Fighting
  8014 | D:9      | Reached ***** piety under Lugonu
  8094 | D:9      | Found a staircase to the Lair.
  8105 | D:9      | Acquired a +4 ring of protection
  8187 | D:9      | Reached skill level 20 in Axes
  8309 | D:9      | Found a staircase to the Orcish Mines.
  8587 | Lair:1   | Entered Level 1 of the Lair of Beasts
  8598 | Lair:1   | Reached skill level 9 in Armour
  8612 | Lair:1   | Reached skill level 10 in Fighting
  9802 | Lair:2   | Noticed a boulder beetle
  9816 | Lair:2   | Killed a boulder beetle
  9849 | Lair:2   | Reached skill level 10 in Armour
  9851 | Lair:2   | Reached skill level 11 in Fighting
  9899 | Lair:2   | Noticed Urug
 10169 | Lair:2   | Killed Urug
 10285 | Lair:2   | Noticed an eight-headed hydra
 10291 | Lair:2   | Killed a five-headed hydra
 10292 | Lair:2   | Reached XP level 12. HP: 76/111 MP: 12/12
 10316 | Lair:2   | Reached skill level 11 in Armour
 10318 | Lair:2   | Reached skill level 12 in Fighting
 10461 | Lair:2   | Noticed Erica
 10489 | Lair:2   | Killed Erica
 10973 | Lair:2   | Noticed Gastronok
 11013 | Lair:2   | Killed Gastronok
 11014 | Lair:2   | Reached skill level 13 in Fighting
 11014 | Lair:2   | Reached skill level 12 in Armour
 11494 | Lair:2   | Noticed a seven-headed hydra
 11495 | Lair:2   | Noticed a seven-headed hydra
 11509 | Lair:2   | Killed a one-headed hydra
 11802 | Lair:2   | Noticed Nergalle
 11815 | Lair:2   | Killed Nergalle
 11933 | Lair:2   | Reached skill level 1 in Invocations
 11999 | Lair:2   | Reached skill level 2 in Invocations
 12272 | Lair:2   | Reached skill level 3 in Invocations
 12275 | Lair:2   | Reached skill level 13 in Armour
 12280 | Lair:2   | Killed a one-headed hydra
 12281 | Lair:2   | Reached skill level 4 in Invocations
 12281 | Lair:2   | Reached XP level 13. HP: 102/123 MP: 14/16
 12333 | Lair:2   | Found a staircase to the Swamp.
 12399 | Lair:3   | Noticed Fannar
 12410 | Lair:3   | Killed Fannar
 12427 | Lair:3   | Reached skill level 5 in Invocations
 12887 | D:10     | Entered Level 10 of the Dungeon
 12935 | D:10     | Reached skill level 1 in Dodging
 13049 | D:10     | Identified the +3 robe of Sifel {Str+4 Int-2 Dex+5}
 13256 | D:10     | Noticed Maggie
 13266 | D:10     | Killed Maggie
 13368 | D:10     | Reached skill level 2 in Dodging
 13560 | D:10     | Found a portal to a secret trove of treasure.
 13856 | D:11     | Found Vuypen's Antique Weapon Shoppe.
 13890 | D:11     | Reached ****** piety under Lugonu
 14019 | D:11     | Reached skill level 14 in Armour
 14170 | D:11     | Found a runed translucent gate.
 14170 | D:11     | Found a runed translucent gate.
 14171 | D:11     | Found a runed translucent gate.
 14172 | D:11     | Found an opulent altar of Gozag.
 14173 | D:11     | Noticed greenreed's ghost (journeyman TrMo)
 14713 | Lair:1   | Identified a +7 battleaxe of distortion (a +5 battleaxe
                  | corrupted by Lugonu)
 14713 | Lair:1   | Received a gift from Lugonu
 14953 | Lair:3   | Reached skill level 3 in Dodging
 15167 | Lair:3   | Reached skill level 6 in Invocations
 15201 | Lair:3   | Reached skill level 7 in Invocations
 15504 | Lair:3   | Found a runed translucent door.
 15505 | Lair:3   | Noticed Zuegunnahai's ghost (journeyman AtFi)
 15593 | Lair:3   | Found a staircase to the Snake Pit.
 15605 | Lair:3   | Reached skill level 8 in Invocations
 15713 | Lair:3   | Identified the +7 falchion "Fofelum" {heavy, rCorr Str+4}
 15891 | Lair:3   | Killed Zuegunnahai's ghost
 15916 | Lair:4   | Reached skill level 15 in Armour
 16051 | Lair:4   | Reached skill level 9 in Invocations
 16304 | Lair:4   | Reached XP level 14. HP: 130/130 MP: 19/21
 16467 | Lair:4   | Found a staircase to the Slime Pits.
 16700 | Lair:4   | Identified the amulet "Akaet" {Reflect rF+ Dex+8 Slay+3
                  | SH+5}
 16748 | Lair:4   | Reached skill level 10 in Invocations
 16974 | Lair:4   | Identified the +1 robe of the Barber Surgeon {rPois}
 17311 | Lair:5   | Entered Level 5 of the Lair of Beasts
 17536 | Lair:5   | Reached skill level 11 in Invocations
 17539 | Lair:5   | Reached skill level 16 in Armour
 18954 | D:12     | Reached skill level 12 in Invocations
 19171 | D:13     | Found an ancient bone altar of Kikubaaqudgha.
 19678 | D:13     | Found a gate to the Vaults.
 19688 | D:13     | Reached skill level 13 in Invocations
 19690 | D:13     | Reached skill level 17 in Armour
 20035 | D:14     | Reached XP level 15. HP: 131/137 MP: 25/25
 20186 | D:14     | Found a frozen archway.
 20198 | D:14     | Reached skill level 14 in Invocations
 20531 | D:14     | Found a radiant altar of Vehumet.
 20989 | Lair:5   | Reached skill level 18 in Armour
 21123 | Lair:5   | Reached skill level 15 in Invocations
 21506 | Lair:5   | Identified the +1 plate armour of Music {Dex+3}
 21713 | Lair:5   | Found a large runed translucent door.
 21713 | Lair:5   | Noticed Foxy's ghost (journeyman KoBr)
 21716 | Lair:5   | Found a large runed translucent door.
 22202 | Orc:1    | Entered Level 1 of the Orcish Mines
 22253 | Orc:1    | Found a roughly hewn altar of Beogh.
 22404 | Orc:2    | Entered Level 2 of the Orcish Mines
 22405 | Orc:2    | Found Pesinal's Armour Emporium.
 22491 | Orc:2    | Found a staircase to the Elven Halls.
 22631 | Orc:2    | Found Dixytath's Assorted Antiques.
 22687 | Orc:2    | Found Sifeh's Weapon Boutique.
 22690 | Orc:2    | Found Lyoxat's Antique Weapon Shoppe.
 22695 | Orc:2    | Reached skill level 16 in Invocations
 22866 | Orc:2    | Found Ciofol's Antique Weapon Shop.
 22965 | Orc:2    | Found a roughly hewn altar of Beogh.
 23602 | Orc:2    | Bought a +2 plate armour of fire resistance for 640 gold
                  | pieces
 24613 | D:15     | Entered Level 15 of the Dungeon
 24719 | D:15     | Found a staircase to the Depths.
 24729 | D:15     | Reached skill level 19 in Armour
 24734 | D:15     | Reached skill level 14 in Fighting
 24740 | D:15     | Reached XP level 16. HP: 116/146 MP: 28/28
 25042 | D:15     | Acquired the +8 frozen axe "Frostbite" {freeze, freezing
                  | cloud, *Noise Fly rC+}
 25042 | D:15     | Found the +8 frozen axe "Frostbite" {freeze, freezing
                  | cloud, *Noise Fly rC+}
 25665 | Swamp:1  | Entered Level 1 of the Swamp
 25787 | Swamp:1  | Reached skill level 21 in Axes
 25804 | Swamp:1  | HP: 14/146 [bunyip (7)]
 25805 | Swamp:1  | HP: 1/146 [six-headed hydra (10)]
 25805 | Swamp:1  | Mangled by a six-headed hydra

Vanquished Creatures
  Gastronok (Lair:2)
  An eleionoma (Swamp:1)
  The ghost of Zuegunnahai the Fighter, a journeyman AtFi of Cheibriados (Lair:3)
  2 bunyips (Swamp:1)
  Fannar (Lair:3)
  11 hydras
  Erolcha (D:9)
  4 vault guards (D:13)
  2 ogre magi (Orc:2)
  4 centaur warriors (D:13)
  13 two-headed ogres
  2 boulder beetles
  Erica (Lair:2)
  An alligator (Swamp:1)
  A tengu warrior (D:13)
  An orc high priest (Orc:2)
  A vampire mage (D:15)
  Urug (Lair:2)
  Nergalle (Lair:2)
  2 deep trolls (Orc:2)
  A skeletal warrior (D:15)
  A spriggan simulacrum (D:14)
  A lindwurm (Lair:2)
  5 deep elf pyromancers
  A golden dragon skeleton (D:15)
  An iron dragon zombie (D:15)
  2 necromancers
  An orc knight (Orc:1)
  Pikel (D:4)
  An orc sorcerer (Orc:2)
  5 ugly things
  4 manticores
  6 cyclopes
  Joseph (D:8)
  3 black mambas
  23 cane toads
  An unseen horror (D:12)
  A gargoyle (D:13)
  Maggie (D:10)
  2 rime drakes (Lair:3)
  An anaconda simulacrum (D:14)
  11 komodo dragons
  A tengu conjurer (D:14)
  A queen bee (D:12)
  2 guardian mummies
  3 meliai (D:12)
  11 trolls
  4 tyrant leeches
  A blink frog (shapeshifter) (D:14)
  25 blink frogs
  A dream sheep (Lair:5)
  4 slime creatures (D:14)
  12 wyverns
  5 spriggans (Lair:2)
  An ettin skeleton (D:15)
  3 wraiths
  58 yaks
  A steam dragon (D:9)
  Eustachio (D:3)
  A vampire (D:13)
  5 basilisks
  12 vampire mosquitoes
  A minotaur simulacrum (D:14)
  4 wargs
  A naga (Lair:3)
  Edmund (D:4)
  6 swamp worms
  An acid dragon (D:12)
  13 water moccasins
  A human skeleton (D:15)
  2 ice beasts
  18 orc warriors
  22 ogres
  A sky beast (D:7)
  3 black bears
  5 wolves
  10 centaurs
  A phantom (D:5)
  3 kobold brigands
  A necrophage (D:7)
  15 bullfrogs
  A gnoll sergeant (D:12)
  3 deep troll simulacra (D:14)
  5 scorpions
  14 wights
  16 killer bees
  5 howler monkeys
  4 electric eels
  A hound (D:6)
  12 orc priests
  2 iguanas
  16 orc wizards
  7 hell rats (Lair:3)
  Terence (D:2)
  5 polar bear simulacra (Lair:4)
  3 wolf simulacra (Lair:4)
  A boggart simulacrum (D:15)
  Robin (D:4)
  6 adders
  11 gnolls
  A shadow imp (D:8)
  2 white imps (D:6)
  A worm (D:5)
  2 dart slugs (D:3)
  67 orcs
  6 bats
  2 bat zombies (D:13)
  4 endoplasms
  3 giant cockroaches
  5 hobgoblins
  6 jackals
  5 quokkas
  6 ball pythons
  2 frilled lizards
  11 goblins
  19 kobolds
  5 rats
  3 rat zombies (D:13)
  3 river rat simulacra (Lair:4)
654 creatures vanquished.

Vanquished Creatures (others)
  35 fungi
  66 plants
  2 withered plants (D:15)
103 creatures vanquished.

Grand Total: 757 creatures vanquished

Table legend: (Time is in decaauts)
 A = Elapsed time spent in this place.
 B = Non-inter-level travel time spent in this place.
 C = Inter-level travel time spent in this place.
 D = Time resting spent in this place.
 E = Time spent auto-exploring this place.
 F = Levels seen in this place.
 G = Mean time per level.
                   A        B        C        D        E       F      G
               +--------+--------+--------+--------+--------+-----+--------+
         Total |  25452 |  23133 |   2319 |   3421 |  16385 |  23 | 1106.6 |
       Dungeon |  14926 |  13515 |   1411 |   1150 |  10408 |  15 |  995.1 |
          Lair |   8977 |   8261 |    716 |   2257 |   4924 |   5 | 1795.4 |
         Swamp |    129 |    129 |      0 |      0 |     79 |   1 |  129.0 |
  Orcish Mines |   1418 |   1228 |    190 |     13 |    972 |   2 |  709.0 |
               +--------+--------+--------+--------+--------+-----+--------+

Top non-repeatable levels by time:
  Lair:2: 3129 daAuts
  Lair:4: 2058 daAuts
     D:9: 1487 daAuts
  Lair:1: 1312 daAuts
  Lair:5: 1245 daAuts
  Lair:3: 1230 daAuts
    D:14: 1168 daAuts
     D:1: 1100 daAuts
    D:10: 1078 daAuts
    D:12: 1046 daAuts
     D:8: 1035 daAuts
     D:3: 1019 daAuts
     D:4: 991 daAuts
     D:6: 979 daAuts
    D:13: 931 daAuts

Table legend:
 A = Non-vault XP
 B = Vault XP
 C = Vault XP percentage of total XP
 D = Non-vault monster count
 E = Vault monster count
 F = Vault count percentage of total count
                 A         B        C        D         E       F
            +---------+---------+-------+---------+---------+-------
      Total |   76203 |   64223 |  45.7 |     433 |     241 |  35.8
            +---------+---------+-------+---------+---------+-------
        D:1 |      15 |       0 |   0.0 |      11 |       0 |   0.0
        D:2 |      28 |      50 |  64.1 |      15 |       5 |  25.0
        D:3 |     150 |     191 |  56.0 |      27 |       1 |   3.6
        D:4 |     128 |     768 |  85.7 |      12 |      13 |  52.0
        D:5 |     807 |       0 |   0.0 |      17 |       0 |   0.0
        D:6 |     925 |       0 |   0.0 |      19 |       0 |   0.0
        D:7 |    1735 |       0 |   0.0 |      27 |       0 |   0.0
        D:8 |    1533 |     450 |  22.7 |      17 |       1 |   5.6
        D:9 |    3893 |    1549 |  28.5 |      23 |      17 |  42.5
       D:10 |    3217 |     682 |  17.5 |      18 |       2 |  10.0
       D:11 |    1043 |       0 |   0.0 |      10 |       0 |   0.0
       D:12 |    3767 |    2057 |  35.3 |      19 |      18 |  48.6
       D:13 |    6871 |    7717 |  52.9 |      20 |      17 |  45.9
       D:14 |    6345 |    2529 |  28.5 |      14 |       8 |  36.4
       D:15 |    3880 |    4115 |  51.5 |       7 |       8 |  53.3
     Lair:1 |    2703 |       0 |   0.0 |      10 |       0 |   0.0
     Lair:2 |    8234 |    9520 |  53.6 |      28 |      25 |  47.2
     Lair:3 |    5840 |    6942 |  54.3 |      18 |      30 |  62.5
     Lair:4 |    7964 |    2408 |  23.2 |      32 |      18 |  36.0
     Lair:5 |    7778 |    8711 |  52.8 |      25 |      32 |  56.1
    Swamp:1 |    5091 |       0 |   0.0 |       8 |       0 |   0.0
      Orc:1 |    1581 |      12 |   0.8 |      17 |       4 |  19.0
      Orc:2 |    2675 |   16522 |  86.1 |      39 |      42 |  51.9
            +---------+---------+-------+---------+---------+-------
